cohdb
Replays
Latest Replays
All Replays
Popular Replays
Top Player Replays
Match Explorer
How It Works
Community
CoH3 Stats
Reddit
Sign in to upload your games and track your stats! →
Sign in with Steam
Match 45459570
Unlisted
Match 45459570
Overview
Messages
Build Orders
End
Royal Engineer Section
Construct Section Command Post
Selects Heavy Armor Battlegroup
Dingo Light Scout Car
Infantry Section
Vickers Machine Gun Team
Selects Rigorous Vehicle Training
Grenade Package
Construct Field Infirmary
Infantry Section
Construct Platoon Command Post
CMP 15cwt Truck
Selects Forward Repair Assembly
6-pounder Anti-tank Gun Team
Construct Company Command Post
Crusader II Medium Tank
Foot Guards Section
Unlock M3 Grant Medium Tanks
Vivian
admiral_gnar
dad81ace
Joesn
Pewbob
Muad'Dib
0
0
Comments
sign in to comment!
No comments posted yet!